 Dungeon Crawl Stone Soup version 0.28.0-53-g5a82cb258f (webtiles) character file.

Game seed: 12751615749491573752

72 tizbic2 the Cutter (level 4, -1/52 HPs)
             Began as a Demonspawn Berserker on July 17, 2022.
             Was a Believer of Trog.
             Slain by a gnoll
             ... wielding a +0 club
              (6 damage)
             ... on level 6 of the Dungeon.
             The game lasted 00:08:47 (2563 turns).

tizbic2 the Cutter (Demonspawn Berserker)           Turns: 2563, Time: 00:08:47

Health: -1/52      AC:  6    Str: 18    XL:     4   Next: 7%
Magic:  4/4        EV: 12    Int:  8    God:    Trog [**....]
Gold:   90         SH:  0    Dex: 14    Spells: 3/3 levels left

rFire   . . .      SeeInvis .   j - +0 dagger
rCold   . . .      Faith    .   (no shield)
rNeg    . . .      Spirit   .   k - +0 leather armour
rPois   .          Reflect  .   c - +0 helmet
rElec   .          Harm     .   (no cloak)
rCorr   .          Rampage  .   (no gloves)
Will    .....                   (no boots)
Stlth   ..........              (no amulet)
HPRegen 0.17/turn               (no ring)
MPRegen 0.09/turn               (no ring)

@: berserking (expiring), very quick
A: slimy green scales 1, weakness stinger 1
a: Renounce Religion, Berserk, Trog's Hand


You were on level 6 of the Dungeon.
You worshipped Trog.
Trog was pleased with you.
You visited 1 branch of the dungeon, and saw 4 of its levels.

You collected 90 gold pieces.

Inventory:

Hand Weapons
 a - a +0 short sword
 j - a +0 dagger (weapon)
Missiles
 i - 50 stones (quivered)
Armour
 c - a +0 helmet (worn)
 d - a +0 robe
 g - a +0 ring mail
 h - a +0 chain mail
 k - a +0 leather armour (worn)
Scrolls
 b - a scroll of blinking {unknown}
 e - a scroll of enchant weapon {unknown}
 l - a scroll of enchant armour {unknown}
 m - a scroll of summoning {unknown}
Potions
 f - a potion of cancellation {unknown}
 n - a potion of invisibility {unknown}
 o - a potion of attraction {unknown}


   Skills:
 - Level 3.0 Fighting
 + Level 3.3 Short Blades
 - Level 1.7 Armour
 - Level 1.7 Dodging
 * Level 3.0 Stealth


You had 3 spell levels left.
You didn't know any spells.
Your spell library was empty.

Dungeon Overview and Level Annotations

Branches:
Dungeon (3/15)

Altars:
Vehumet

Shops:
D:1 [


Innate Abilities, Weirdness & Mutations

You are partially covered in slimy green scales. (AC +2)
You have a small tail.


Message History

The gnoll shaman barely misses you.
You barely miss the gnoll. You tail-slap the gnoll.
You kill the gnoll!
Trog accepts your kill.
Your Stealth skill increases to level 3!
You have reached level 4!
You feel stronger.
You hit the gnoll shaman.
The gnoll shaman is lightly wounded.
The gnoll hits you from afar with a +0 spear.
The gnoll hits you with a +0 club.
The gnoll hits you from afar with a +0 spear.
The gnoll shaman hits you with a +0 club.
You barely miss the gnoll shaman.
You punch the gnoll shaman, but do no damage.
The gnoll shaman is lightly wounded.
The gnoll closely misses you. The gnoll hits you but does no damage.
The gnoll hits you from afar with a +0 spear.
You barely miss the gnoll shaman. You tail-slap the gnoll shaman.
The gnoll shaman is moderately wounded.
The gnoll shaman hits you but does no damage.
You hit the gnoll shaman.
Your tail-slap misses the gnoll shaman.
The gnoll shaman is heavily wounded.
The gnoll closely misses you. x2; The gnoll misses you.
The gnoll shaman hits you with a +0 club.
You hit the gnoll shaman.
The gnoll shaman is severely wounded.
The gnoll hits you with a +0 club.
* * * LOW HITPOINT WARNING * * *
You puncture the gnoll shaman!
You kill the gnoll shaman!
Trog accepts your kill.
The gnoll hits you from afar with a +0 spear.
* * * LOW HITPOINT WARNING * * *
The gnoll hits you with a +0 club.
* * * LOW HITPOINT WARNING * * *
The gnoll hits you from afar with a +0 spear.
* * * LOW HITPOINT WARNING * * *
The gnoll hits you with a +0 club.
You die...

# .# #. .
###.#####.
.........#
.........#
!........#
.....g)g.#
.....g.@.#
..!....g.#
.....#####
###. #


You could see 4 gnolls.

Vanquished Creatures
  A gnoll shaman (D:6)
  A gnoll (D:6)
  A worm (D:2)
  5 orcs (D:3)
  4 ball pythons
  6 endoplasms
  2 giant cockroaches (D:1)
  4 hobgoblins
  7 jackals (D:2)
  2 quokkas (D:1)
  A bat (D:2)
  4 frilled lizards
  3 goblins
  3 kobolds
  4 rats
48 creatures vanquished.

Notes
Turn   | Place    | Note
-------+----------+-------------------------------------------
     0 | D:1      | tizbic2 the Demonspawn Berserker began the quest for the
                  | Orb.
     0 | D:1      | Reached XP level 1. HP: 18/18 MP: 1/1
   163 | D:1      | Reached skill level 1 in Stealth
   384 | D:1      | Gained mutation: You have a small tail. [demonic ancestry]
   384 | D:1      | Reached XP level 2. HP: 24/24 MP: 2/2
   733 | D:1      | Found Hoifo's Armour Shoppe.
  1076 | D:2      | Gained mutation: You are partially covered in slimy green
                  | scales. (AC +2) [demonic ancestry]
  1076 | D:2      | Reached XP level 3. HP: 24/29 MP: 3/3
  1295 | D:2      | Reached ** piety under Trog
  2103 | D:3      | Found a radiant altar of Vehumet.
  2549 | D:3      | You fall into a shaft and drop 3 floors!
  2558 | D:6      | Reached XP level 4. HP: 28/35 MP: 4/4
  2563 | D:6      | Slain by a gnoll

Illustrated notes

Levels and vault maps discovered:
D:1:      dpeg_chamrin_arrival_tetris, layout_loops_ring, serial_shops,
          nicolae_shop_advertising_works [nicolae_subvault_shop_adworks],
          nrook_loot_triangle
D:2:      layout_basic, st_stairs_1, uniq_robin
D:3:      layout_basic, nicolae_vehumet_radiance,
          chequers_ecumenical_altar_simple_redux, uniq_natasha
D:6:      layout_basic, minmay_temple_entry_from_below_a,
          kennysheep_pointless_box, uniq_pikel, uniq_grinder

Skill      XL: |  1  2  3 |
---------------+----------+-----
Stealth        | 1 2 3 |  3.0
Short Blades   | 3 |  3.3
Fighting       | |  3.0
Armour         | |  1.7
Dodging        | |  1.7

Action                   |  1- 3 |  4- 6 || total
-------------------------+-------+-------++-------
Melee: Short sword       |    80 |       ||    80
       Tailslap          |    22 |     1 ||    23
       Punch             |     3 |     1 ||     4
       Dagger            |    91 |     6 ||    97
Throw: Stone             |    21 |       ||    21
Invok: Berserk           |     1 |       ||     1
 Stab: Sleeping          |     1 |       ||     1
Armor: Robe              |     1 |       ||     1
       Ring mail         |    21 |       ||    21
       Leather armour    |    12 |     2 ||    14
Dodge: Dodged            |    86 |     4 ||    90
